 Dungeon Crawl Stone Soup version 0.31-a0-604-g8e0283293c (webtiles) character file.

Game seed: 13292048372058369235

87 tilp the Sneak (level 4, -2/32 HPs)
             Began as a Vampire Enchanter on Aug 21, 2023.
             Slain by an orc
             ... wielding a +0 falchion
              (6 damage)
             ... on level 3 of the Dungeon.
             The game lasted 00:03:55 (2221 turns).

tilp the Sneak (Vampire Enchanter)                  Turns: 2221, Time: 00:03:56

Health: -2/32      AC:  3    Str:  7    XL:     4   Next: 28%
Magic:  7/7        EV: 12    Int: 25    God:
Gold:   156        SH:  0    Dex: 14    Spells: 2/7 levels left

rFire   . . .        a - +2 dagger (spect)
rCold   . . .        (no shield)
rNeg    . . .        b - +0 robe
rPois   .            (no helmet)
rElec   .            (no cloak)
rCorr   .            n - +0 pair of gloves
SInv    +            (no boots)
Will    .....        (no amulet)
Stlth   +++          e - +6 ring of intelligence
HPRegen 0.45/turn    (no ring)
MPRegen 0.10/turn

%: no passive effects
@: healing quickly
A: alive, fangs 3, see invisible, vampiric 2
a: Exsanguinate


You were on level 3 of the Dungeon.
You visited 1 branch of the dungeon, and saw 3 of its levels.

You collected 156 gold pieces.

Inventory:

Hand Weapons
 a - a +2 spectral dagger (weapon)
Missiles
 d - 3 javelins
 l - 2 stones (quivered)
Armour
 b - a +0 robe (worn)
 n - a +0 pair of gloves (worn)
Jewellery
 e - a +6 ring of intelligence (left hand)
Wands
 g - a wand of roots (7)
Scrolls
 j - 2 scrolls of amnesia
Potions
 c - 3 potions of invisibility
 f - 2 potions of might
 h - a potion of enlightenment {unknown}
 k - 2 potions of curing


   Skills:
 * Level 1.4 Fighting
 * Level 2.5 Short Blades
 + Level 2.7 Dodging
 + Level 4.9 Stealth
 + Level 2.3 Spellcasting
 + Level 4.8 Hexes


You had 2 spell levels left.
You knew the following spells:

 Your Spells              Type           Power      Damage    Failure   Level
a - Ensorcelled Hibernat  Hex/Ice        30%        N/A       6%          2
b - Confusing Touch       Hex            27%        N/A       4%          3

Your spell library contained the following spells:

 Spells                   Type           Power      Damage    Failure   Level
 Tukima's Dance           Hex            27%        N/A       4%          3
 Dazzling Flash           Conj/Hex       30%        N/A       12%         3
 Inner Flame              Hex/Fire       15%        N/A       12%         3
 Flame Wave               Conj/Fire      2%         2d4       71%         4
 Sticky Flame             Conj/Fire      2%         2d3       71%         4


Dungeon Overview and Level Annotations

Branches:
Dungeon (3/15)

Altars:
Qazlal
Ru


Innate Abilities, Weirdness & Mutations

Your natural rate of healing is accelerated.
You have razor-sharp teeth.
You have supernaturally acute eyesight. (SInv)
You are afflicted with vampirism and can become a bat while bloodless.


Message History

You swap places.
Your +2 spectral dagger disappears.
The orc hits you with a +0 flail. The orc misses you.
Items here: ))) = [ ††.
You hit the orc.
The orc is lightly wounded.
Your +2 spectral dagger hits the orc but does no damage.
The orc hits you with a +0 flail! The orc closely misses you.
Unknown command.
You are too injured to fight recklessly!
You are too injured to fight recklessly!
You are too injured to fight recklessly!
Your +2 spectral dagger disappears.
The orc attacks as it pursues you! The orc hits you with a +0 flail.
You hit the orc but do no damage.
The orc is lightly wounded.
Your +2 spectral dagger hits the orc but does no damage.
The orc misses your +2 spectral dagger.
You hit the orc.
The orc is almost dead.
Your +2 spectral dagger closely misses the orc.
The orc hits your +2 spectral dagger with a +0 flail.
Your spectral weapon shares its damage with you!
* * * LOW HITPOINT WARNING * * *
You closely miss the orc. Your bite misses the orc.
The orc is almost dead.
Your +2 spectral dagger hits the orc.
You kill the orc!
The orc completely misses your +2 spectral dagger.
Unknown command.
Your +2 spectral dagger disappears.
You hit the orc.
The orc is lightly wounded.
Your +2 spectral dagger hits the orc.
The orc hits you with a +0 falchion!
* * * LOW HITPOINT WARNING * * *
You hit the orc but do no damage.
The orc is heavily wounded.
Your +2 spectral dagger hits the orc but does no damage.
The orc hits you with a +0 falchion.
You die...

#≈≈.####.#
#≈.†.....#
##.†#≈≈≈##
##.###≈≈≈##
##..#####≈≈#
#.#.~≈.# .≈~.
##.~≈.#~≈≈.#.#
#.≈≈###≈###. #
#@#.#..≈...?.
#(o.......$.
###.#.......
#.#.......
..#...o...
...#.......
............
....?........
........######


You could see an orc and a friendly +2 spectral dagger.

Vanquished Creatures
  3 adders
  2 dart slugs (D:2)
  5 orcs (D:3)
  3 endoplasms
  4 giant cockroaches
  7 goblins
  3 hobgoblins (D:2)
  3 kobolds
  A quokka (D:1)
  6 ball pythons
  5 bats
  A frilled lizard (D:2)
  5 rats
48 creatures vanquished.

Notes
Turn   | Place    | Note
-------+----------+-------------------------------------------
     0 | D:1      | tilp the Vampire Enchanter began the quest for the Orb.
     0 | D:1      | Reached XP level 1. HP: 13/13 MP: 3/3
   145 | D:1      | Reached XP level 2. HP: 10/20 MP: 5/5
   148 | D:1      | Learned a level 2 spell: Ensorcelled Hibernation
   251 | D:1      | Found a faded altar of an unknown god.
   254 | D:1      | You fall into a shaft and drop 1 floor!
  1002 | D:2      | Reached skill level 1 in Fighting
  1150 | D:2      | Gained mutation: You are afflicted with vampirism and can
                  | become a bat while bloodless. [Vampire growth]
  1150 | D:2      | Reached XP level 3. HP: 26/26 MP: 6/6
  1154 | D:2      | Learned a level 3 spell: Confusing Touch
  1158 | D:2      | Found a sacrificial altar of Ru.
  1943 | D:3      | Reached XP level 4. HP: 26/32 MP: 4/7
  1949 | D:3      | Found a stormy altar of Qazlal.
  2221 | D:3      | Slain by an orc

Illustrated notes

Levels and vault maps discovered:
D:1:      erik_arrival_triangle_small, layout_rooms,
          dreamdust_ecumenical_altar_statues, nrook_mini_vaults
D:2:      layout_basic, basic_altar, kennysheep_generic_room_4
D:3:      minmay_spotlight, layout_basic, mainiacjoe_overflow_paths,
          serial_rivers, chequers_serial_rivers_small_b,
          chequers_serial_rivers_micro_c, chequers_serial_rivers_marsh,
          chequers_serial_rivers_room_b, chequers_serial_rivers_room_a,
          chequers_serial_rivers_micro_b

Skill      XL: |  1  2  3 |
---------------+----------+-----
Fighting       | 1 |  1.4
Short Blades   | 2 |  2.5
Dodging        | |  2.7
Stealth        | |  4.9
Spellcasting   | |  2.3
Hexes          | |  4.8

Action                     |  1- 3 |  4- 6 || total
---------------------------+-------+-------++-------
  Melee: Dagger            |    88 |    24 ||   112
         Bite              |     5 |     1 ||     6
         Punch             |     1 |       ||     1
  Throw: Stone             |       |     1 ||     1
   Cast: Ensorcelled Hiber |     7 |     3 ||    10
    Use: Scroll            |     8 |     1 ||     9
   Stab: Sleeping          |    17 |     1 ||    18
 Armour: Robe              |    14 |     4 ||    18
  Dodge: Dodged            |    37 |     5 ||    42

Table legend: (Time is in decaauts)
 A = Elapsed time spent in this place.
 B = Non-inter-level travel time spent in this place.
 C = Inter-level travel time spent in this place.
 D = Time resting spent in this place.
 E = Time spent auto-exploring this place.
 F = Levels seen in this place.
 G = Mean time per level.
                   A        B        C        D        E       F      G
               +--------+--------+--------+--------+--------+-----+--------+
         Total |   2211 |   2033 |    178 |    311 |   1229 |   3 |  737.0 |
       Dungeon |   2211 |   2033 |    178 |    311 |   1229 |   3 |  737.0 |
               +--------+--------+--------+--------+--------+-----+--------+

Top non-repeatable levels by time:
     D:2: 1178 daAuts
     D:1: 644 daAuts
     D:3: 388 daAuts
